Flyers vs Maple Leafs (R1)

Created - June 7, 2017 at 22:09

Goals
1 2 3 T
Flyers 3 0 0 3
Maple Leafs 0 1 0 1
Shots
1 2 3 T
Flyers 16 11 1 28
Maple Leafs 6 14 3 23

1st period

1. Flyers , Jakub Voracek 6 (Chris Kreider 4, Kyle Wellwood 6) at 16:37 (PP)
2. Flyers , Dany Heatley 2 (Jeff Carter 5, Alexei Morozov 5) at 17:15 (PP)
3. Flyers , Dany Heatley 3 (Alexei Morozov 6, Jeff Carter 6) at 17:29 (PP)

Penalties :
Jakub Voracek (Phi) for Holding (Minor) at 2:00, Alexander Frolov (Tor) for Hooking (Minor) at 11:42, Tobias Enstrom (Tor) for Roughing (Minor) at 16:23, Claude Giroux (Tor) for Roughing (Minor) at 16:46, Evgeni Malkin (Tor) for Cross-checking (Minor) at 17:09

2nd period

4. Maple Leafs , Jordan Staal 3 (Fabian Brunnstrom 4, Jamie McBain 1) at 15:34

Penalties :
Justin Abdelkader (Tor) for Interference (Minor) at 4:06

3rd period

No Goal

Penalties :
Alexei Morozov (Phi) for Hooking (Minor) at 1:04, Colby Armstrong (Tor) for Slashing (Minor) at 5:53, Alexei Morozov (Phi) for Goalie Interference (Minor) at 11:05, Matthew Lombardi (Phi) for Hooking (Minor) at 11:29

Goalie Stats

Steve Mason (Phi), 22 saves from 23 shots - (0.957), W, 2-0-0, 60:00 minutes
Marc-André Fleury (Tor), 25 saves from 28 shots - (0.893), L, 5-4-0, 60:00 minutes

Players Stats for Flyers

Player Name              G  A  P  +/- PIM S  H  SB GA TA FO     MP     PP MP  PK MP  
------------------------------------------------------------------------------------
Alexei Morozov           0  2  2   0  4   1  0  1  0  0  0/0    18:50   4:13   0:08 
Brock Nelson             0  0  0   0  0   0  0  0  0  2  0/0    10:54   0:07   0:00 
Chris Kreider            0  1  1  -1  0   3  2  1  0  1  0/0    16:03   2:34   0:40 
Dany Heatley             2  0  2   0  0   4  0  1  1  0  1/4    21:55   4:13   2:42 
Jakub Voracek            1  0  1  -1  2   4  0  0  0  0  1/2    15:54   2:41   0:00 
Jeff Carter              0  2  2   0  0   3  1  0  1  0  10/23  20:41   4:13   1:54 
Jeff O'Neill             0  0  0   0  0   0  0  0  1  0  2/2     9:49   0:00   0:47 
Jeff Woywitka            0  0  0  -1  0   2  1  2  0  0  0/0    25:01   3:34   3:49 
Jonathan Ericsson        0  0  0  -1  0   1  1  2  1  0  0/0    26:07   3:34   3:49 
Kyle Wellwood            0  1  1  -1  0   2  1  0  0  0  6/9    17:34   2:41   1:26 
Mats Zuccarello          0  0  0   0  0   0  1  0  0  0  0/0     9:41   0:00   0:00 
Matt Smaby               0  0  0   0  0   2  1  2  0  1  0/0    18:50   3:20   0:07 
Matthew Lombardi         0  0  0   0  2   3  1  1  0  0  3/7    12:41   0:00   2:13 
Nathan Paetsch           0  0  0   0  0   0  0  1  0  1  0/0    15:03   0:00   2:25 
Pavel Kubina             0  0  0   0  0   0  0  2  0  1  0/0    12:51   0:00   0:07 
Rostislav Olesz          0  0  0   0  0   0  2  0  1  0  0/0     9:25   0:00   1:16 
Stefan Ruzicka           0  0  0   0  0   1  2  0  0  0  0/0     8:33   0:00   0:00 
Steve McCarthy           0  0  0   0  0   2  1  0  0  0  0/0    22:08   3:20   2:25 

Players Stats for Maple Leafs

Player Name              G  A  P  +/- PIM S  H  SB GA TA FO     MP     PP MP  PK MP  
------------------------------------------------------------------------------------
Alexander Frolov         0  0  0   0  2   1  2  0  0  0  1/2    20:28   3:28   1:22 
Blake Comeau             0  0  0   0  0   3  0  1  0  0  0/3    11:42   0:05   1:53 
Braydon Coburn           0  0  0   0  0   1  0  2  1  2  0/0    26:14   3:46   4:31 
Claude Giroux            0  0  0   0  2   7  1  0  1  0  6/9    21:28   3:28   3:45 
Colby Armstrong          0  0  0   1  2   0  2  0  0  0  0/0    15:20   2:48   0:00 
Eric Nystrom             0  0  0   0  0   0  0  0  0  0  0/0    11:43   0:05   0:32 
Evgeni Malkin            0  0  0   0  2   1  1  0  0  0  13/21  21:30   3:28   3:52 
Fabian Brunnstrom        0  1  1   1  0   2  1  0  1  0  0/0    15:19   2:48   0:00 
Jamie McBain             0  1  1   1  0   0  0  0  0  0  0/0    13:10   0:00   0:00 
Jordan Staal             1  0  1   1  0   1  0  0  0  0  1/6    18:53   2:48   2:03 
Justin Abdelkader        0  0  0   0  2   1  0  0  1  0  0/0     8:27   0:00   0:00 
Justin Schultz           0  0  0   1  0   0  0  0  0  0  0/0    13:24   0:00   0:14 
Marc-Édouard Vlasic      0  0  0   0  0   2  0  0  1  1  0/0    20:36   2:35   2:23 
Michael Grabner          0  0  0   0  0   1  1  0  0  1  0/0    11:29   0:05   0:00 
Rob Schremp              0  0  0   0  0   1  0  0  0  0  0/1     7:50   0:00   0:14 
Taylor Chorney           0  0  0   0  0   1  1  2  0  0  0/0    20:36   2:35   2:23 
Tobias Enstrom           0  0  0   0  2   1  1  0  1  1  0/0    25:59   3:46   4:17 
Zac Dalpe                0  0  0   0  0   0  2  0  0  0  3/5     8:46   0:00   0:00 

3 Stars

1 - Dany Heatley (Phi)
2 - Steve Mason (Phi)
3 - Jordan Staal (Tor)

Power Play

Flyers - 3 on 6 Attempt(s) - 50.00%
Maple Leafs - 0 on 4 Attempt(s) - 0.00%

Penalty Kill

Flyers - 4 on 4 Attempt(s) - 100.00% - Score 0 goal in Penalty Kill
Maple Leafs - 3 on 6 Attempt(s) - 50.00% - Score 0 goal in Penalty Kill

Team Stat

Flyers - Hits : 14 - Faceoff Wins : 23 - Blocked Shots : 13 - Penalty Minutes : 8
Maple Leafs - Hits : 12 - Faceoff Wins : 24 - Blocked Shots : 5 - Penalty Minutes : 12

Official

Referees : Furlatt Eric and Peel Tim
Linesman : Steve Miller and Darren Gibbs

Game Notes

No Game Note

Finance

Level 1 -- Attendance: 6000 (100.00%) -- Ticket Income $510,000
Level 2 -- Attendance: 5000 (100.00%) -- Ticket Income $250,000
Level 3 -- Attendance: 2000 (100.00%) -- Ticket Income $62,000
Level 4 -- Attendance: 4000 (100.00%) -- Ticket Income $80,000
Luxury Box -- Attendance: 1000 (100.00%) -- Ticket Income $150,000
Game was played at the Maple Leafs Garden.
Total Attendance: 18000 (100.00%)
Total Ticket Income: $1,052,000
Other Income: $157,800
Total Income: $1,209,800

Flyers

5 vs 5 Forward 
   Center                   Left Wing                Right Wing               Time % Phy DF OF 
 1 Jeff Carter              Dany Heatley             Alexei Morozov           40     1   1  3  
 2 Kyle Wellwood            Chris Kreider            Jakub Voracek            30     1   1  3  
 3 Matthew Lombardi         Brock Nelson             Mats Zuccarello          20     0   4  1  
 4 Jeff O'Neill             Rostislav Olesz          Stefan Ruzicka           10     0   5  0  

5 vs 5 Defense 
   Defense                  Defense                                           Time % Phy DF OF 
 1 Jonathan Ericsson        Jeff Woywitka                                     40     0   2  3  
 2 Matt Smaby               Steve McCarthy                                    30     0   3  2  
 3 Pavel Kubina             Nathan Paetsch                                    20     0   4  1  
 4 Steve McCarthy           Jonathan Ericsson                                 10     0   2  3  

PowerPlay Forward 
   Center                   Left Wing                Right Wing               Time % Phy DF OF 
 1 Jeff Carter              Dany Heatley             Alexei Morozov           60     1   0  4  
 2 Kyle Wellwood            Chris Kreider            Jakub Voracek            40     1   0  4  

PowerPlay Defense
   Defense                  Defense                                           Time % Phy DF OF 
 1 Jonathan Ericsson        Jeff Woywitka                                     60     0   2  3  
 2 Matt Smaby               Steve McCarthy                                    40     0   3  2  

Penalty Kill 4 Players Forward 
   Center                   Wing                     Time % Phy DF OF 
 1 Matthew Lombardi         Dany Heatley             60     0   5  0  
 2 Kyle Wellwood            Rostislav Olesz          40     0   5  0  

Penalty Kill 4 Players Defense
   Defense                  Defense                  Time % Phy DF OF 
 1 Jonathan Ericsson        Jeff Woywitka            60     0   5  0  
 2 Nathan Paetsch           Steve McCarthy           40     0   5  0  

Penalty Kill - 3 Players Forward 
   Forward                                           Time % Phy DF OF 
 1 Matthew Lombardi                                  60     0   5  0  
 2 Kyle Wellwood                                     40     0   5  0  

Penalty Kill - 3 Players Defense
   Defense                  Defense                  Time % Phy DF OF 
 1 Jonathan Ericsson        Jeff Woywitka            60     0   5  0  
 2 Nathan Paetsch           Steve McCarthy           40     0   5  0  

4 vs 4 Forward 
   Center                   Wing                     Time % Phy DF OF 
 1 Jeff Carter              Dany Heatley             60     1   2  2  
 2 Kyle Wellwood            Alexei Morozov           40     0   2  3  

4 vs 4 Defense
   Defense                  Defense                  Time % Phy DF OF 
 1 Jonathan Ericsson        Jeff Woywitka            60     0   2  3  
 2 Matt Smaby               Steve McCarthy           40     0   3  2  

Last Minutes Offensive
   Center                   Left Wing                Right Wing               Defense                  Defense                  
   Jeff Carter              Dany Heatley             Alexei Morozov           Jonathan Ericsson        Jeff Woywitka            

Last Minutes Defensive
   Center                   Left Wing                Right Wing               Defense                  Defense                  
   Matthew Lombardi         Dany Heatley             Alexei Morozov           Steve McCarthy           Jeff Woywitka            

Goaltenders
Starting : Steve Mason              
Backup : Cory Schneider           

Extra Forwards
Normal : Jeff Carter, Alexei Morozov, Kyle Wellwood - PP : Alexei Morozov, Jeff Carter - PK : Matthew Lombardi
Extra Defensemen
Normal : Pavel Kubina, Nathan Paetsch, Steve McCarthy - PP : Pavel Kubina - PK : Nathan Paetsch, Steve McCarthy
Penalty Shots
Dany Heatley, Jeff Carter, Kyle Wellwood, Alexei Morozov, Rostislav Olesz

Scratches
John-Michael Liles (Healthy), Rickard Wallin (Healthy)

Maple Leafs

5 vs 5 Forward 
   Center                   Left Wing                Right Wing               Time % Phy DF OF 
 1 Evgeni Malkin            Alexander Frolov         Claude Giroux            40     1   2  2  
 2 Jordan Staal             Fabian Brunnstrom        Colby Armstrong          30     1   2  2  
 3 Zac Dalpe                Eric Nystrom             Michael Grabner          20     1   2  2  
 4 Rob Schremp              Justin Abdelkader        Blake Comeau             10     1   2  2  

5 vs 5 Defense 
   Defense                  Defense                                           Time % Phy DF OF 
 1 Tobias Enstrom           Braydon Coburn                                    40     1   2  2  
 2 Taylor Chorney           Marc-Édouard Vlasic                               30     1   2  2  
 3 Jamie McBain             Justin Schultz                                    20     1   2  2  
 4 Tobias Enstrom           Braydon Coburn                                    10     1   2  2  

PowerPlay Forward 
   Center                   Left Wing                Right Wing               Time % Phy DF OF 
 1 Evgeni Malkin            Alexander Frolov         Claude Giroux            60     1   2  2  
 2 Jordan Staal             Fabian Brunnstrom        Colby Armstrong          40     1   2  2  

PowerPlay Defense
   Defense                  Defense                                           Time % Phy DF OF 
 1 Tobias Enstrom           Braydon Coburn                                    60     1   2  2  
 2 Taylor Chorney           Marc-Édouard Vlasic                               40     1   2  2  

Penalty Kill 4 Players Forward 
   Center                   Wing                     Time % Phy DF OF 
 1 Claude Giroux            Evgeni Malkin            60     1   2  2  
 2 Alexander Frolov         Jordan Staal             40     1   2  2  

Penalty Kill 4 Players Defense
   Defense                  Defense                  Time % Phy DF OF 
 1 Tobias Enstrom           Braydon Coburn           60     1   2  2  
 2 Taylor Chorney           Marc-Édouard Vlasic      40     1   2  2  

Penalty Kill - 3 Players Forward 
   Forward                                           Time % Phy DF OF 
 1 Claude Giroux                                     60     1   2  2  
 2 Evgeni Malkin                                     40     1   2  2  

Penalty Kill - 3 Players Defense
   Defense                  Defense                  Time % Phy DF OF 
 1 Tobias Enstrom           Braydon Coburn           60     1   2  2  
 2 Taylor Chorney           Marc-Édouard Vlasic      40     1   2  2  

4 vs 4 Forward 
   Center                   Wing                     Time % Phy DF OF 
 1 Claude Giroux            Evgeni Malkin            60     1   2  2  
 2 Alexander Frolov         Jordan Staal             40     1   2  2  

4 vs 4 Defense
   Defense                  Defense                  Time % Phy DF OF 
 1 Tobias Enstrom           Braydon Coburn           60     1   2  2  
 2 Taylor Chorney           Marc-Édouard Vlasic      40     1   2  2  

Last Minutes Offensive
   Center                   Left Wing                Right Wing               Defense                  Defense                  
   Evgeni Malkin            Alexander Frolov         Claude Giroux            Tobias Enstrom           Braydon Coburn           

Last Minutes Defensive
   Center                   Left Wing                Right Wing               Defense                  Defense                  
   Evgeni Malkin            Alexander Frolov         Claude Giroux            Tobias Enstrom           Braydon Coburn           

Goaltenders
Starting : Marc-André Fleury        
Backup : Alex Stalock             

Extra Forwards
Normal : Michael Grabner, Eric Nystrom, Blake Comeau - PP : Michael Grabner, Eric Nystrom - PK : Blake Comeau
Extra Defensemen
Normal : Jamie McBain, Justin Schultz, Taylor Chorney - PP : Jamie McBain - PK : Justin Schultz, Taylor Chorney
Penalty Shots
Claude Giroux, Evgeni Malkin, Alexander Frolov, Jordan Staal, Fabian Brunnstrom

Scratches
None


% Time on Ice - Flyers

Lines # - Real PCT - Wanted PCT - Time Play
Normal Forward
1 - 32% - 40% - 15:10
2 - 32% - 30% - 14:59
3 - 20% - 20% - 9:30
4 - 15% - 10% - 7:06
Normal Defense
1 - 38% - 40% - 17:51
2 - 33% - 30% - 15:17
3 - 27% - 20% - 12:31
4 - 2% - 10% - 1:06
PP Forward
1 - 61% - 60% - 4:13
2 - 39% - 40% - 2:41
PP Defense
1 - 52% - 60% - 3:34
2 - 48% - 40% - 3:20
PK Forward
1 - 73% - 60% - 3:30
2 - 27% - 40% - 1:16
PK Defense
1 - 65% - 60% - 3:07
2 - 35% - 40% - 1:39
PK3 Forward
1 - 100% - 60% - 1:35
2 - 0% - 40% - 0:00
PK3 Defense
1 - 52% - 60% - 0:49
2 - 48% - 40% - 0:46
44 Forward
1 - 0% - 60%
2 - 0% - 40%
44 Defense
1 - 0% - 60%
2 - 0% - 40%
Last Minute Offensive  - 0:00
Last Minute Defensive  - 0:00
Total
Forward - 60:00
Defense - 60:00

% Time on Ice - Maple Leafs

Lines # - Real PCT - Wanted PCT - Time Play
Normal Forward
1 - 32% - 40% - 15:05
2 - 35% - 30% - 16:24
3 - 19% - 20% - 8:46
4 - 14% - 10% - 6:30
Normal Defense
1 - 37% - 40% - 17:12
2 - 33% - 30% - 15:38
3 - 28% - 20% - 13:10
4 - 2% - 10% - 0:45
PP Forward
1 - 56% - 60% - 3:33
2 - 44% - 40% - 2:48
PP Defense
1 - 59% - 60% - 3:46
2 - 41% - 40% - 2:35
PK Forward
1 - 76% - 60% - 5:09
2 - 24% - 40% - 1:39
PK Defense
1 - 65% - 60% - 4:25
2 - 35% - 40% - 2:23
PK3 Forward
1 - 100% - 60% - 0:06
2 - 0% - 40% - 0:00
PK3 Defense
1 - 100% - 60% - 0:06
2 - 0% - 40% - 0:00
44 Forward
1 - 0% - 60%
2 - 0% - 40%
44 Defense
1 - 0% - 60%
2 - 0% - 40%
Last Minute Offensive  - 0:00
Last Minute Defensive  - 0:00
Total
Forward - 60:00
Defense - 60:00

Play by Play

1st period


0:01 of 1st period - Evgeni Malkin wins face-off versus Jeff Carter in neutral zone.
0:26 of 1st period - Chris Kreider is hit by Colby Armstrong and loses puck.
0:35 of 1st period - Snap shot by Jakub Voracek.
0:35 of 1st period - Shot Hit the Post.
1:44 of 1st period - Snap shot by Rob Schremp.
1:44 of 1st period - Stopped by Steve Mason without a rebound.
1:45 of 1st period - Evgeni Malkin wins face-off versus Kyle Wellwood in Flyers zone.
1:48 of 1st period - Snap shot by Evgeni Malkin.
1:48 of 1st period - Shot Blocked by Jeff Woywitka.
2:00 of 1st period - Minor Penalty to Jakub Voracek for Holding.
2:01 of 1st period - Evgeni Malkin wins face-off versus Dany Heatley in Flyers zone.
3:04 of 1st period - Wrist shot by Kyle Wellwood.
3:04 of 1st period - Shot Blocked by Taylor Chorney.
3:58 of 1st period - Claude Giroux is hit by Rostislav Olesz and loses puck.
4:00 of 1st period - Penalty to Jakub Voracek is over, Jakub Voracek is back on ice.
4:05 of 1st period - Wrist shot by Rostislav Olesz.
4:05 of 1st period - Deflect By Kyle Wellwood.
4:05 of 1st period - Stopped by Marc-André Fleury with a rebound.
4:17 of 1st period - Wrist shot by Rostislav Olesz.
4:17 of 1st period - Shot Blocked by Taylor Chorney.
4:19 of 1st period - Backhand shot by Jeff Woywitka.
4:19 of 1st period - Stopped by Marc-André Fleury without a rebound.
4:20 of 1st period - Zac Dalpe wins face-off versus Dany Heatley in Maple Leafs zone.
4:32 of 1st period - Wrist shot by Jeff Carter.
4:32 of 1st period - Stopped by Marc-André Fleury without a rebound.
4:33 of 1st period - Matthew Lombardi wins face-off versus Jordan Staal in Maple Leafs zone.
4:42 of 1st period - Snap shot by Matthew Lombardi.
4:42 of 1st period - Stopped by Marc-André Fleury with a rebound.
5:00 of 1st period - Alexei Morozov is hit by Zac Dalpe and loses puck.
5:23 of 1st period - Wrist shot by Blake Comeau.
5:23 of 1st period - Stopped by Steve Mason without a rebound.
5:24 of 1st period - Kyle Wellwood wins face-off versus Evgeni Malkin in Flyers zone.
5:29 of 1st period - Wrist shot by Claude Giroux.
5:29 of 1st period - Stopped by Steve Mason with a rebound.
5:48 of 1st period - Snap shot by Jakub Voracek.
5:48 of 1st period - Stopped by Marc-André Fleury without a rebound.
5:49 of 1st period - Jeff Carter wins face-off versus Jordan Staal in Maple Leafs zone.
5:58 of 1st period - Snap shot by Jeff Carter.
5:58 of 1st period - Stopped by Marc-André Fleury with a rebound.
6:00 of 1st period - Slapshot by Steve McCarthy.
6:00 of 1st period - Stopped by Marc-André Fleury with a rebound.
6:02 of 1st period - Slapshot by Jeff Carter.
6:02 of 1st period - Stopped by Marc-André Fleury with a rebound.
6:04 of 1st period - Wrist shot by Steve McCarthy.
6:04 of 1st period - Deflect By Tobias Enstrom.
6:04 of 1st period - Stopped by Marc-André Fleury with a rebound.
6:06 of 1st period - Slapshot by Matt Smaby.
6:06 of 1st period - Shot Misses the Net.
6:16 of 1st period - Steve McCarthy is hit by Alexander Frolov and loses puck.
7:16 of 1st period - Snap shot by Alexander Frolov.
7:16 of 1st period - Shot Misses the Net.
7:20 of 1st period - Slapshot by Claude Giroux.
7:20 of 1st period - Stopped by Steve Mason with a rebound.
8:06 of 1st period - Snap shot by Stefan Ruzicka.
8:06 of 1st period - Shot Misses the Net.
8:22 of 1st period - Wrist shot by Kyle Wellwood.
8:22 of 1st period - Shot Misses the Net.
8:49 of 1st period - Wrist shot by Dany Heatley.
8:49 of 1st period - Stopped by Marc-André Fleury without a rebound.
8:50 of 1st period - Jordan Staal wins face-off versus Matthew Lombardi in Maple Leafs zone.
8:50 of 1st period - Jordan Staal is hit by Matthew Lombardi.
9:06 of 1st period - Slapshot by Jonathan Ericsson.
9:06 of 1st period - Stopped by Marc-André Fleury without a rebound.
9:07 of 1st period - Evgeni Malkin wins face-off versus Jeff Carter in Maple Leafs zone.
9:38 of 1st period - Slapshot by Chris Kreider.
9:38 of 1st period - Stopped by Marc-André Fleury without a rebound.
9:39 of 1st period - Kyle Wellwood wins face-off versus Jordan Staal in Maple Leafs zone.
9:46 of 1st period - Fabian Brunnstrom is hit by Kyle Wellwood and loses puck.
10:30 of 1st period - Wrist shot by Matthew Lombardi.
10:30 of 1st period - Stopped by Marc-André Fleury with a rebound.
10:51 of 1st period - Off-side.
10:52 of 1st period - Jeff O'Neill wins face-off versus Rob Schremp in neutral zone.
11:02 of 1st period - Slapshot by Marc-Édouard Vlasic.
11:02 of 1st period - Shot Misses the Net.
11:27 of 1st period - Wrist shot by Blake Comeau.
11:27 of 1st period - Stopped by Steve Mason with a rebound.
11:39 of 1st period - Wrist shot by Stefan Ruzicka.
11:39 of 1st period - Deflect By Rostislav Olesz.
11:39 of 1st period - Shot Misses the Net.
11:39 of 1st period - Puck is out of play.
11:40 of 1st period - Evgeni Malkin wins face-off versus Jeff Carter in Maple Leafs zone.
11:42 of 1st period - Minor Penalty to Alexander Frolov for Hooking.
11:43 of 1st period - Claude Giroux wins face-off versus Jeff Carter in Maple Leafs zone.
11:47 of 1st period - Jonathan Ericsson is hit by Tobias Enstrom and loses puck.
12:00 of 1st period - Wrist shot by Dany Heatley.
12:00 of 1st period - Shot Misses the Net.
13:22 of 1st period - Tobias Enstrom is hit by Chris Kreider and loses puck.
13:42 of 1st period - Penalty to Alexander Frolov is over, Alexander Frolov is back on ice.
16:23 of 1st period - Minor Penalty to Tobias Enstrom for Roughing.
16:24 of 1st period - Claude Giroux wins face-off versus Kyle Wellwood in Maple Leafs zone.
16:35 of 1st period - Slapshot by Chris Kreider.
16:35 of 1st period - Shot Misses the Net.
16:37 of 1st period - Wrist shot by Jakub Voracek.
16:37 of 1st period - Goal by Jakub Voracek - Flyers : 1 - Maple Leafs : 0.
16:38 of 1st period - Jeff Carter wins face-off versus Evgeni Malkin in neutral zone.
16:46 of 1st period - Minor Penalty to Claude Giroux for Roughing.
16:47 of 1st period - Dany Heatley wins face-off versus Blake Comeau in Maple Leafs zone.
17:09 of 1st period - Minor Penalty to Evgeni Malkin for Cross-checking.
17:10 of 1st period - Jeff Carter wins face-off versus Blake Comeau in Maple Leafs zone.
17:13 of 1st period - Wrist shot by Jeff Carter.
17:13 of 1st period - Shot Misses the Net.
17:15 of 1st period - Snap shot by Dany Heatley.
17:15 of 1st period - Goal by Dany Heatley - Flyers : 2 - Maple Leafs : 0.
17:16 of 1st period - Claude Giroux wins face-off versus Jeff Carter in neutral zone.
17:19 of 1st period - Dany Heatley is hit by Claude Giroux.
17:29 of 1st period - Wrist shot by Dany Heatley.
17:29 of 1st period - Goal by Dany Heatley - Flyers : 3 - Maple Leafs : 0.
17:30 of 1st period - Jeff Carter wins face-off versus Evgeni Malkin in neutral zone.
19:13 of 1st period - Snap shot by Claude Giroux.
19:13 of 1st period - Stopped by Steve Mason with a rebound.
Goals for this period are 3 for Flyers vs 0 for Maple Leafs.
Shots for this period are 16 for Flyers vs 6 for Maple Leafs.

2nd period


0:01 of 2nd period - Claude Giroux wins face-off versus Jeff Carter in neutral zone.
0:34 of 2nd period - Snap shot by Michael Grabner.
0:34 of 2nd period - Shot Misses the Net.
0:36 of 2nd period - Backhand shot by Marc-Édouard Vlasic.
0:36 of 2nd period - Stopped by Steve Mason with a rebound.
1:05 of 2nd period - Off-side.
1:06 of 2nd period - Evgeni Malkin wins face-off versus Matthew Lombardi in neutral zone.
1:40 of 2nd period - Snap shot by Fabian Brunnstrom.
1:40 of 2nd period - Stopped by Steve Mason with a rebound.
1:42 of 2nd period - Snap shot by Braydon Coburn.
1:42 of 2nd period - Shot Blocked by Pavel Kubina.
1:52 of 2nd period - Eric Nystrom is hit by Stefan Ruzicka and loses puck.
1:57 of 2nd period - Snap shot by Rostislav Olesz.
1:57 of 2nd period - Shot Misses the Net.
1:59 of 2nd period - Snap shot by Stefan Ruzicka.
1:59 of 2nd period - Shot Misses the Net.
3:21 of 2nd period - Wrist shot by Michael Grabner.
3:21 of 2nd period - Shot Misses the Net.
3:39 of 2nd period - Jeff Carter is hit by Evgeni Malkin.
3:56 of 2nd period - Marc-Édouard Vlasic is hit by Jonathan Ericsson and loses puck.
4:06 of 2nd period - Minor Penalty to Justin Abdelkader for Interference.
4:07 of 2nd period - Jeff Carter wins face-off versus Claude Giroux in Maple Leafs zone.
4:07 of 2nd period - Wrist shot by Alexei Morozov.
4:07 of 2nd period - Stopped by Marc-André Fleury without a rebound.
4:08 of 2nd period - Claude Giroux wins face-off versus Dany Heatley in Maple Leafs zone.
5:19 of 2nd period - Wrist shot by Alexei Morozov.
5:19 of 2nd period - Shot Misses the Net.
5:21 of 2nd period - Slapshot by Matt Smaby.
5:21 of 2nd period - Stopped by Marc-André Fleury without a rebound.
5:22 of 2nd period - Kyle Wellwood wins face-off versus Claude Giroux in Maple Leafs zone.
6:06 of 2nd period - Penalty to Justin Abdelkader is over, Justin Abdelkader is back on ice.
6:29 of 2nd period - Slapshot by Justin Abdelkader.
6:29 of 2nd period - Stopped by Steve Mason with a rebound.
7:09 of 2nd period - Wrist shot by Matthew Lombardi.
7:09 of 2nd period - Stopped by Marc-André Fleury with a rebound.
7:23 of 2nd period - Snap shot by Alexander Frolov.
7:23 of 2nd period - Shot Misses the Net.
7:25 of 2nd period - Wrist shot by Jordan Staal.
7:25 of 2nd period - Shot Misses the Net.
7:27 of 2nd period - Slapshot by Marc-Édouard Vlasic.
7:27 of 2nd period - Shot Blocked by Nathan Paetsch.
7:29 of 2nd period - Slapshot by Marc-Édouard Vlasic.
7:29 of 2nd period - Stopped by Steve Mason with a rebound.
7:35 of 2nd period - Snap shot by Jordan Staal.
7:35 of 2nd period - Shot Blocked by Matthew Lombardi.
7:41 of 2nd period - Snap shot by Jordan Staal.
7:41 of 2nd period - Deflect By Alexander Frolov.
7:41 of 2nd period - Stopped by Steve Mason without a rebound.
7:42 of 2nd period - Jeff Carter wins face-off versus Zac Dalpe in Flyers zone.
8:13 of 2nd period - Snap shot by Stefan Ruzicka.
8:13 of 2nd period - Shot Blocked by Braydon Coburn.
8:31 of 2nd period - Slapshot by Tobias Enstrom.
8:31 of 2nd period - Shot Blocked by Matt Smaby.
8:33 of 2nd period - Slapshot by Claude Giroux.
8:33 of 2nd period - Stopped by Steve Mason with a rebound.
8:35 of 2nd period - Snap shot by Claude Giroux.
8:35 of 2nd period - Shot Misses the Net.
8:37 of 2nd period - Slapshot by Braydon Coburn.
8:37 of 2nd period - Stopped by Steve Mason with a rebound.
8:39 of 2nd period - Slapshot by Blake Comeau.
8:39 of 2nd period - Stopped by Steve Mason with a rebound.
8:41 of 2nd period - Slapshot by Tobias Enstrom.
8:41 of 2nd period - Stopped by Steve Mason without a rebound.
8:42 of 2nd period - Evgeni Malkin wins face-off versus Jeff Carter in Flyers zone.
8:51 of 2nd period - Wrist shot by Evgeni Malkin.
8:51 of 2nd period - Shot Misses the Net.
9:38 of 2nd period - Taylor Chorney is hit by Stefan Ruzicka and loses puck.
10:00 of 2nd period - Dany Heatley is hit by Taylor Chorney and loses puck.
10:49 of 2nd period - Wrist shot by Stefan Ruzicka.
10:49 of 2nd period - Shot Misses the Net.
12:18 of 2nd period - Colby Armstrong is hit by Rostislav Olesz and loses puck.
12:49 of 2nd period - Slapshot by Jordan Staal.
12:49 of 2nd period - Shot Hit the Post.
12:57 of 2nd period - Wrist shot by Rostislav Olesz.
12:57 of 2nd period - Shot Blocked by Braydon Coburn.
12:59 of 2nd period - Wrist shot by Stefan Ruzicka.
12:59 of 2nd period - Stopped by Marc-André Fleury without a rebound.
13:00 of 2nd period - Evgeni Malkin wins face-off versus Jeff Carter in Maple Leafs zone.
13:38 of 2nd period - Steve McCarthy is hit by Michael Grabner and loses puck.
14:14 of 2nd period - Slapshot by Dany Heatley.
14:14 of 2nd period - Shot Blocked by Blake Comeau.
14:16 of 2nd period - Slapshot by Jeff Woywitka.
14:16 of 2nd period - Stopped by Marc-André Fleury with a rebound.
14:28 of 2nd period - Slapshot by Taylor Chorney.
14:28 of 2nd period - Stopped by Steve Mason with a rebound.
14:46 of 2nd period - Wrist shot by Michael Grabner.
14:46 of 2nd period - Stopped by Steve Mason without a rebound.
14:47 of 2nd period - Zac Dalpe wins face-off versus Matthew Lombardi in Flyers zone.
14:48 of 2nd period - Wrist shot by Eric Nystrom.
14:48 of 2nd period - Deflect By Zac Dalpe.
14:48 of 2nd period - Shot Blocked by Pavel Kubina.
14:48 of 2nd period - Puck is out of play.
14:49 of 2nd period - Jeff Carter wins face-off versus Evgeni Malkin in Flyers zone.
14:49 of 2nd period - Jeff Carter is hit by Alexander Frolov.
15:18 of 2nd period - Off-side.
15:19 of 2nd period - Kyle Wellwood wins face-off versus Jordan Staal in neutral zone.
15:34 of 2nd period - Wrist shot by Jordan Staal.
15:34 of 2nd period - Goal by Jordan Staal - Flyers : 3 - Maple Leafs : 1.
15:35 of 2nd period - Jeff Carter wins face-off versus Evgeni Malkin in neutral zone.
16:12 of 2nd period - Wrist shot by Kyle Wellwood.
16:12 of 2nd period - Stopped by Marc-André Fleury without a rebound.
16:13 of 2nd period - Zac Dalpe wins face-off versus Kyle Wellwood in Maple Leafs zone.
16:47 of 2nd period - Snap shot by Evgeni Malkin.
16:47 of 2nd period - Shot Misses the Net.
16:49 of 2nd period - Slapshot by Taylor Chorney.
16:49 of 2nd period - Shot Blocked by Matt Smaby.
17:21 of 2nd period - Snap shot by Jakub Voracek.
17:21 of 2nd period - Shot Misses the Net.
17:27 of 2nd period - Snap shot by Marc-Édouard Vlasic.
17:27 of 2nd period - Shot Misses the Net.
17:29 of 2nd period - Slapshot by Taylor Chorney.
17:29 of 2nd period - Deflect By Fabian Brunnstrom.
17:29 of 2nd period - Stopped by Steve Mason with a rebound.
17:31 of 2nd period - Snap shot by Marc-Édouard Vlasic.
17:31 of 2nd period - Deflect By Colby Armstrong.
17:31 of 2nd period - Shot Blocked by Chris Kreider.
17:31 of 2nd period - Puck is out of play.
17:32 of 2nd period - Evgeni Malkin wins face-off versus Jeff Carter in Flyers zone.
17:33 of 2nd period - Snap shot by Claude Giroux.
17:33 of 2nd period - Stopped by Steve Mason with a rebound.
18:05 of 2nd period - Wrist shot by Chris Kreider.
18:05 of 2nd period - Stopped by Marc-André Fleury without a rebound.
18:06 of 2nd period - Jakub Voracek wins face-off versus Zac Dalpe in Maple Leafs zone.
18:07 of 2nd period - Wrist shot by Chris Kreider.
18:07 of 2nd period - Stopped by Marc-André Fleury with a rebound.
18:09 of 2nd period - Slapshot by Jakub Voracek.
18:09 of 2nd period - Stopped by Marc-André Fleury without a rebound.
18:10 of 2nd period - Evgeni Malkin wins face-off versus Jakub Voracek in Maple Leafs zone.
18:10 of 2nd period - Evgeni Malkin is hit by Chris Kreider.
18:22 of 2nd period - Snap shot by Jakub Voracek.
18:22 of 2nd period - Shot Misses the Net.
18:24 of 2nd period - Snap shot by Jakub Voracek.
18:24 of 2nd period - Stopped by Marc-André Fleury with a rebound.
18:26 of 2nd period - Slapshot by Matt Smaby.
18:26 of 2nd period - Stopped by Marc-André Fleury with a rebound.
Goals for this period are 0 for Flyers vs 1 for Maple Leafs.
Shots for this period are 11 for Flyers vs 14 for Maple Leafs.

3rd period


0:01 of 3rd period - Jeff Carter wins face-off versus Evgeni Malkin in neutral zone.
0:10 of 3rd period - Snap shot by Claude Giroux.
0:10 of 3rd period - Shot Misses the Net.
0:36 of 3rd period - Slapshot by Braydon Coburn.
0:36 of 3rd period - Shot Misses the Net.
0:38 of 3rd period - Slapshot by Tobias Enstrom.
0:38 of 3rd period - Shot Blocked by Jeff Woywitka.
0:40 of 3rd period - Wrist shot by Colby Armstrong.
0:40 of 3rd period - Deflect By Fabian Brunnstrom.
0:40 of 3rd period - Shot Blocked by Jonathan Ericsson.
0:40 of 3rd period - Puck is out of play.
0:41 of 3rd period - Evgeni Malkin wins face-off versus Jeff Carter in Flyers zone.
0:46 of 3rd period - Wrist shot by Claude Giroux.
0:46 of 3rd period - Shot Blocked by Alexei Morozov.
0:48 of 3rd period - Wrist shot by Evgeni Malkin.
0:48 of 3rd period - Shot Misses the Net.
1:04 of 3rd period - Minor Penalty to Alexei Morozov for Hooking.
1:05 of 3rd period - Matthew Lombardi wins face-off versus Alexander Frolov in Flyers zone.
1:31 of 3rd period - Jonathan Ericsson is hit by Fabian Brunnstrom and loses puck.
3:04 of 3rd period - Penalty to Alexei Morozov is over, Alexei Morozov is back on ice.
3:20 of 3rd period - Michael Grabner is hit by Mats Zuccarello and loses puck.
3:42 of 3rd period - Justin Schultz is hit by Matt Smaby and loses puck.
3:56 of 3rd period - Icing by Jamie McBain.
3:57 of 3rd period - Evgeni Malkin wins face-off versus Matthew Lombardi in Maple Leafs zone.
4:30 of 3rd period - Alexei Morozov is hit by Zac Dalpe and loses puck.
5:09 of 3rd period - Off-side.
5:10 of 3rd period - Claude Giroux wins face-off versus Jeff Carter in neutral zone.
5:25 of 3rd period - Wrist shot by Evgeni Malkin.
5:25 of 3rd period - Stopped by Steve Mason with a rebound.
5:53 of 3rd period - Minor Penalty to Colby Armstrong for Slashing.
5:54 of 3rd period - Jeff Carter wins face-off versus Claude Giroux in Maple Leafs zone.
7:53 of 3rd period - Penalty to Colby Armstrong is over, Colby Armstrong is back on ice.
8:20 of 3rd period - Off-side.
8:21 of 3rd period - Jeff O'Neill wins face-off versus Blake Comeau in neutral zone.
8:37 of 3rd period - Snap shot by Jonathan Ericsson.
8:37 of 3rd period - Shot Misses the Net.
9:44 of 3rd period - Snap shot by Claude Giroux.
9:44 of 3rd period - Stopped by Steve Mason without a rebound.
9:45 of 3rd period - Kyle Wellwood wins face-off versus Jordan Staal in Flyers zone.
10:41 of 3rd period - Wrist shot by Dany Heatley.
10:41 of 3rd period - Stopped by Marc-André Fleury without a rebound.
10:42 of 3rd period - Evgeni Malkin wins face-off versus Jeff Carter in Maple Leafs zone.
10:42 of 3rd period - Claude Giroux is hit by Jeff Carter and loses puck.
11:05 of 3rd period - Minor Penalty to Alexei Morozov for Goalie Interference.
11:06 of 3rd period - Matthew Lombardi wins face-off versus Evgeni Malkin in Flyers zone.
11:17 of 3rd period - Snap shot by Evgeni Malkin.
11:17 of 3rd period - Shot Blocked by Jonathan Ericsson.
11:19 of 3rd period - Snap shot by Evgeni Malkin.
11:19 of 3rd period - Shot Misses the Net.
11:21 of 3rd period - Snap shot by Claude Giroux.
11:21 of 3rd period - Stopped by Steve Mason with a rebound.
11:23 of 3rd period - Wrist shot by Evgeni Malkin.
11:23 of 3rd period - Shot Blocked by Dany Heatley.
11:29 of 3rd period - Minor Penalty to Matthew Lombardi for Hooking.
11:30 of 3rd period - Alexander Frolov wins face-off versus Jeff Carter in Flyers zone.
11:57 of 3rd period - Jeff Woywitka is hit by Colby Armstrong.
13:05 of 3rd period - Penalty to Alexei Morozov is over, Alexei Morozov is back on ice.
13:29 of 3rd period - Penalty to Matthew Lombardi is over, Matthew Lombardi is back on ice.
13:50 of 3rd period - Blake Comeau is hit by Steve McCarthy and loses puck.
14:27 of 3rd period - Snap shot by Eric Nystrom.
14:27 of 3rd period - Deflect By Blake Comeau.
14:27 of 3rd period - Shot Misses the Net.
14:27 of 3rd period - Puck is out of play.
14:28 of 3rd period - Kyle Wellwood wins face-off versus Evgeni Malkin in Flyers zone.
18:22 of 3rd period - Braydon Coburn is hit by Jeff Woywitka and loses puck.
Goals for this period are 0 for Flyers vs 0 for Maple Leafs.
Shots for this period are 1 for Flyers vs 3 for Maple Leafs.